TOP OF THE 1ST |
St Charles Sheens batting - Pitching for Maui Tropics : RHP José García
|
Pitching: RHP José García
|
|
Batting: LHB Bob Ware
|
0-0: Ball 1-0: Ball 2-0: Called Strike 2-1: Called Strike 2-2: Foul Ball, location: 2F 2-2: Ground out 6-3 (Groundball, 6M)
|
Batting: RHB Kel Pierce
|
0-0: Ball 1-0: Called Strike 1-1: Foul Ball, location: 2F 1-2: Ball 2-2: Foul Ball, location: 2F 2-2: Strikes out swinging
|
Batting: LHB Jeff Carter
|
0-0: SINGLE (Groundball, 5D)
|
Batting: LHB Katsumi Morishita
|
0-0: Foul Ball, location: 2F 0-1: Foul Ball, location: 2F 0-2: Ball 1-2: Ball 2-2: Foul Ball, location: 2F 2-2: Ball 3-2: Hit by Pitch Jeff Carter to second
|
Batting: RHB Júlio Hernández
|
0-0: SINGLE (Groundball, 56D) (infield hit) Jeff Carter to third Katsumi Morishita to second
|
Batting: RHB Guo-xiu Choi
|
0-0: Called Strike 0-1: SINGLE (Groundball, 56D) Jeff Carter scores Katsumi Morishita to third Júlio Hernández to second Runner from 3rd tries for Home, SAFE, no throw or cutoff
|
Batting: SHB Richard Bowman
|
0-0: Ball 1-0: SINGLE (Line Drive, 89M) Júlio Hernández to third Guo-xiu Choi to second Runner from 3rd tries for Home, SAFE, no throw or cutoff
|
Batting: SHB Kyle MacGregor
|
0-0: Ball 1-0: Called Strike 1-1: Ground out 4-3 (Groundball, 34)
|
Top of the 1st over - 3 run(s), 4 hit(s), 0 error(s), 2 left on base; St Charles 3 - Maui 0 |
BOTTOM OF THE 1ST |
Maui Tropics batting - Pitching for St Charles Sheens : RHP Gustavo Ramos
|
Pitching: RHP Gustavo Ramos
|
|
Batting: LHB Doyle Otterburn
|
0-0: SOLO HOME RUN (Flyball, 89D), Distance : 381 ft
|
Batting: LHB Juan Jose Rojas
|
0-0: Ball 1-0: Called Strike 1-1: Foul Ball, location: 2F 1-2: Foul Ball, location: 2F 1-2: Ball 2-2: Foul Ball, location: 2F 2-2: Foul Ball, location: 2F 2-2: Foul Ball, location: 2F 2-2: Ball 3-2: Base on Balls
|
Batting: RHB Jesús Espinoza
|
0-0: Ball 1-0: Fly out, F7 (Flyball, 7D)
|
Batting: LHB Luis Antonio Torres
|
0-0: Called Strike 0-1: Reached on error, E6 (Groundball, 6) Juan Jose Rojas to second
|
Batting: LHB Henry Huffman
|
0-0: Ball 1-0: Fly out, F9 (Line Drive, 89D) Runner from 2nd tags up, SAFE at 3rd, no throw
|
Batting: RHB Damian Yates
|
0-0: Called Strike 0-1: Foul Ball, location: 2F 0-2: Strikes out looking
|
Bottom of the 1st over - 1 run(s), 1 hit(s), 1 error(s), 2 left on base; St Charles 3 - Maui 1 |
TOP OF THE 2ND |
St Charles Sheens batting - Pitching for Maui Tropics : RHP José García
|
Batting: RHB Alfredo Rivera
|
0-0: Ball 1-0: Foul Ball, location: 2F 1-1: Ball 2-1: Ball 3-1: Foul Ball, location: 2F 3-2: Foul Ball, location: 2F 3-2: Foul Ball, location: 2F 3-2: Ground out 6-3 (Groundball, 6)
|
Batting: LHB Bob Ware
|
0-0: Called Strike 0-1: Called Strike 0-2: Strikes out swinging
|
Batting: RHB Kel Pierce
|
0-0: SINGLE (Line Drive, 3D)
|
Batting: LHB Jeff Carter
|
0-0: Fielders Choice at 2nd, 6-4 (Groundball, 6)
|
Top of the 2nd over - 0 run(s), 1 hit(s), 0 error(s), 0 left on base; St Charles 3 - Maui 1 |
BOTTOM OF THE 2ND |
Maui Tropics batting - Pitching for St Charles Sheens : RHP Gustavo Ramos
|
Batting: RHB Juan Jose Guevana
|
0-0: Ball 1-0: Foul Ball, location: 2F 1-1: Fly out, F9 (Flyball, 89S)
|
Batting: LHB Javier Espinoza
|
0-0: Called Strike 0-1: Called Strike 0-2: Strikes out swinging
|
Batting: LHB Mario Olivares
|
0-0: Fly out, F6 (Line Drive, 6)
|
Bottom of the 2nd over - 0 run(s), 0 hit(s), 0 error(s), 0 left on base; St Charles 3 - Maui 1 |
TOP OF THE 3RD |
St Charles Sheens batting - Pitching for Maui Tropics : RHP José García
|
Batting: LHB Katsumi Morishita
|
0-0: Ball 1-0: Foul Ball, location: 2F 1-1: Fly out, F4 (Line Drive, 4)
|
Batting: RHB Júlio Hernández
|
0-0: Ground out 4-3 (Groundball, 4)
|
Batting: RHB Guo-xiu Choi
|
0-0: Called Strike 0-1: Foul Ball, location: 2F 0-2: Ball 1-2: Strikes out swinging
|
Top of the 3rd over - 0 run(s), 0 hit(s), 0 error(s), 0 left on base; St Charles 3 - Maui 1 |
BOTTOM OF THE 3RD |
Maui Tropics batting - Pitching for St Charles Sheens : RHP Gustavo Ramos
|
Batting: LHB Doyle Otterburn
|
0-0: Swinging Strike 0-1: Foul Ball, location: 2F 0-2: Fly out, F7 (Flyball, 78XD)
|
Batting: LHB Juan Jose Rojas
|
0-0: Called Strike 0-1: Ball 1-1: Fly out, F8 (Flyball, 8RXD)
|
Batting: RHB Jesús Espinoza
|
0-0: Foul Ball, location: 2F 0-1: Foul Ball, location: 2F 0-2: Ball 1-2: Foul Ball, location: 2F 1-2: Strikes out looking
|
Bottom of the 3rd over - 0 run(s), 0 hit(s), 0 error(s), 0 left on base; St Charles 3 - Maui 1 |
TOP OF THE 4TH |
St Charles Sheens batting - Pitching for Maui Tropics : RHP José García
|
Batting: SHB Richard Bowman
|
0-0: Ground out 6-3 (Groundball, 6M)
|
Batting: SHB Kyle MacGregor
|
0-0: Ball 1-0: Ground out U3 (Groundball, 3L)
|
Batting: RHB Alfredo Rivera
|
0-0: Ground out 6-3 (Groundball, 56)
|
Top of the 4th over - 0 run(s), 0 hit(s), 0 error(s), 0 left on base; St Charles 3 - Maui 1 |
BOTTOM OF THE 4TH |
Maui Tropics batting - Pitching for St Charles Sheens : RHP Gustavo Ramos
|
Batting: LHB Luis Antonio Torres
|
0-0: Ball 1-0: Ball 2-0: Called Strike 2-1: Swinging Strike 2-2: Foul Ball, location: 2F 2-2: Foul Ball, location: 2F 2-2: Ball 3-2: Fly out, F7 (Flyball, 78XD)
|
Batting: LHB Henry Huffman
|
0-0: Called Strike 0-1: Ball 1-1: Ball 2-1: Swinging Strike 2-2: SOLO HOME RUN (Flyball, 89XD), Distance : 384 ft
|
Batting: RHB Damian Yates
|
0-0: Called Strike 0-1: Foul Ball, location: 2F 0-2: Ball 1-2: DOUBLE (Flyball, 8RXD)
|
Batting: RHB Juan Jose Guevana
|
0-0: Called Strike 0-1: Ground out 6-3 (Groundball, 6M) Damian Yates to third
|
Batting: LHB Javier Espinoza
|
0-0: Ball 1-0: Ball 2-0: Ball 3-0: Called Strike 3-1: Foul Ball, location: 2F 3-2: Ground out 4-3 (Groundball, 4)
|
Bottom of the 4th over - 1 run(s), 2 hit(s), 0 error(s), 1 left on base; St Charles 3 - Maui 2 |
TOP OF THE 5TH |
St Charles Sheens batting - Pitching for Maui Tropics : RHP José García
|
Batting: LHB Bob Ware
|
0-0: Foul Ball, location: 2F 0-1: DOUBLE (Line Drive, 7LM)
|
Batting: RHB Kel Pierce
|
0-0: Called Strike 0-1: Foul Ball, location: 2F 0-2: Ground out 6-3 (Groundball, 6S) Bob Ware to third
|
Batting: LHB Jeff Carter
|
0-0: Swinging Strike 0-1: Ground out U3 (Groundball, 3)
|
Batting: LHB Katsumi Morishita
|
0-0: Ball 1-0: Swinging Strike 1-1: Swinging Strike 1-2: Ground out 5-3 (Groundball, 5)
|
Top of the 5th over - 0 run(s), 1 hit(s), 0 error(s), 1 left on base; St Charles 3 - Maui 2 |
BOTTOM OF THE 5TH |
Maui Tropics batting - Pitching for St Charles Sheens : RHP Gustavo Ramos
|
Batting: LHB Mario Olivares
|
0-0: Foul Ball, location: 2F 0-1: Ground out 5-3 (Groundball, 56)
|
Batting: LHB Doyle Otterburn
|
0-0: SINGLE (Groundball, 4MD)
|
Batting: LHB Juan Jose Rojas
|
0-0: DOUBLE (Line Drive, 8LD) Doyle Otterburn to third
|
Batting: RHB Jesús Espinoza
|
0-0: Swinging Strike 0-1: Ball 1-1: Foul Ball, location: 2F 1-2: Fly out, F8 (Flyball, 8LS)
|
Batting: LHB Luis Antonio Torres
|
0-0: Foul Ball, location: 2F 0-1: Swinging Strike 0-2: Ball 1-2: Ball 2-2: Ball 3-2: Base on Balls
|
Batting: LHB Henry Huffman
|
0-0: Swinging Strike 0-1: Ball 1-1: Foul Ball, location: 2F 1-2: SINGLE (Groundball, 34S) Doyle Otterburn scores Juan Jose Rojas to third Luis Antonio Torres to second Runner from 3rd tries for Home, SAFE, no throw or cutoff
|
Batting: RHB Damian Yates
|
0-0: Swinging Strike 0-1: Ball 1-1: Swinging Strike 1-2: Ball 2-2: Ball 3-2: Foul Ball, location: 2F 3-2: Foul Ball, location: 2F 3-2: Base on Balls Luis Antonio Torres to third Henry Huffman to second
|
Batting: RHB Juan Jose Guevana
|
0-0: Ball 1-0: Foul Ball, location: 2F 1-1: Ball 2-1: Ball 3-1: Foul Ball, location: 2F 3-2: Strikes out swinging
|
Bottom of the 5th over - 2 run(s), 3 hit(s), 0 error(s), 3 left on base; St Charles 3 - Maui 4 |
TOP OF THE 6TH |
St Charles Sheens batting - Pitching for Maui Tropics : RHP José García
|
Batting: RHB Júlio Hernández
|
0-0: Foul Ball, location: 2F 0-1: SINGLE (Line Drive, 4D)
|
Batting: RHB Guo-xiu Choi
|
0-0: Ball 1-0: 2-RUN HOME RUN (Flyball, 78XD), Distance : 378 ft
|
Batting: SHB Richard Bowman
|
0-0: Ball 1-0: Called Strike 1-1: SINGLE (Groundball, 4M)
|
Batting: SHB Kyle MacGregor
|
0-0: Ball 1-0: Foul Ball, location: 2F 1-1: Grounds into double play, 6-4-3 (Groundball, 6)
|
Batting: RHB Alfredo Rivera
|
0-0: SOLO HOME RUN (Flyball, 78XD), Distance : 391 ft
|
Batting: LHB Bob Ware
|
0-0: Called Strike 0-1: Fly out, F4 (Line Drive, 4)
|
Top of the 6th over - 3 run(s), 4 hit(s), 0 error(s), 0 left on base; St Charles 6 - Maui 4 |
BOTTOM OF THE 6TH |
Maui Tropics batting - Pitching for St Charles Sheens : RHP Gustavo Ramos
|
Pitching: LHP Rubén Martínez
|
|
Batting: LHB Javier Espinoza
|
0-0: Foul Ball, location: 2F 0-1: Foul Ball, location: 2F 0-2: Foul Ball, location: 2F 0-2: Ground out 5-3 (Groundball, 5L)
|
Batting: LHB Mario Olivares
|
0-0: Swinging Strike 0-1: Ball 1-1: Ball 2-1: Foul Ball, location: 2F 2-2: Fly out, F6 (Line Drive, 56D)
|
Batting: LHB Doyle Otterburn
|
0-0: Foul Ball, location: 2F 0-1: Foul Ball, location: 2F 0-2: Foul Ball, location: 2F 0-2: SINGLE (Line Drive, 9S)
|
Batting: LHB Juan Jose Rojas
|
0-0: Ball 1-0: Ball 2-0: Called Strike 2-1: Ground out 4-3 (Groundball, 4)
|
Bottom of the 6th over - 0 run(s), 1 hit(s), 0 error(s), 1 left on base; St Charles 6 - Maui 4 |
TOP OF THE 7TH |
St Charles Sheens batting - Pitching for Maui Tropics : RHP José García
|
Batting: RHB Kel Pierce
|
0-0: SINGLE (Line Drive, 34)
|
Batting: LHB Jeff Carter
|
0-0: Ball 1-0: Foul Ball, location: 2F 1-1: Foul Ball, location: 2F 1-2: Ball 2-2: Ball 3-2: Fly out, F6 (Popup, 6D)
|
Pitching: LHP Robin Wilder
|
|
Batting: LHB Katsumi Morishita
|
0-0: Foul Ball, location: 2F 0-1: Ball 1-1: Ball Wild Pitch! Kel Pierce to second 2-1: Swinging Strike 2-2: Foul Ball, location: 2F 2-2: SINGLE (Line Drive, 4MD) Kel Pierce to third
|
Pinch Hitting: RHB Judson Backstrom
|
0-0: Ball 1-0: Called Strike 1-1: Foul Ball, location: 2F 1-2: Ball 2-2: Ball 3-2: Fly out, F8 (Flyball, 8RM) Runner from 3rd tags up, SCORES, no throw
|
Batting: RHB Guo-xiu Choi
|
0-0: Fly out, F9 (Flyball, 89S)
|
Top of the 7th over - 1 run(s), 2 hit(s), 0 error(s), 1 left on base; St Charles 7 - Maui 4 |
BOTTOM OF THE 7TH |
Maui Tropics batting - Pitching for St Charles Sheens : LHP Rubén Martínez
|
Now in LF: Judson Backstrom
|
|
Batting: RHB Jesús Espinoza
|
0-0: Ground out 4-3 (Groundball, 4)
|
Batting: LHB Luis Antonio Torres
|
0-0: Foul Ball, location: 2F 0-1: Ball 1-1: Called Strike 1-2: Strikes out looking
|
Batting: LHB Henry Huffman
|
0-0: Ball 1-0: Called Strike 1-1: Fly out, F7 (Flyball, 7D)
|
Bottom of the 7th over - 0 run(s), 0 hit(s), 0 error(s), 0 left on base; St Charles 7 - Maui 4 |
TOP OF THE 8TH |
St Charles Sheens batting - Pitching for Maui Tropics : LHP Robin Wilder
|
Batting: SHB Richard Bowman
|
0-0: Fly out, F8 (Flyball, 8RS)
|
Batting: SHB Kyle MacGregor
|
0-0: Called Strike 0-1: Hit by Pitch
|
Batting: RHB Alfredo Rivera
|
0-0: Ball 1-0: Called Strike 1-1: DOUBLE (Line Drive, 7LS) Kyle MacGregor to third
|
Batting: LHB Bob Ware
|
0-0: SINGLE (Line Drive, 89M) Kyle MacGregor scores Alfredo Rivera to third Runner from 3rd tries for Home, SAFE, throw made home Bob Ware to second
|
Batting: RHB Kel Pierce
|
0-0: Called Strike 0-1: Called Strike 0-2: Ball 1-2: Strikes out swinging
|
Batting: LHB Jeff Carter
|
0-0: Ball 1-0: Called Strike 1-1: Ground out U3 (Groundball, 3S)
|
Top of the 8th over - 2 run(s), 2 hit(s), 0 error(s), 1 left on base; St Charles 9 - Maui 4 |
BOTTOM OF THE 8TH |
Maui Tropics batting - Pitching for St Charles Sheens : LHP Rubén Martínez
|
Pitching: LHP Shan Liu
|
|
Batting: RHB Damian Yates
|
0-0: Foul Ball, location: 2F 0-1: Swinging Strike 0-2: SINGLE (Line Drive, 4M)
|
Batting: RHB Juan Jose Guevana
|
0-0: Ball 1-0: Called Strike 1-1: Grounds into double play, 3-6-3 (Groundball, 3)
|
Batting: LHB Javier Espinoza
|
0-0: Ball 1-0: Called Strike 1-1: Ball 2-1: Called Strike 2-2: Ball 3-2: Base on Balls
|
Batting: LHB Mario Olivares
|
0-0: Called Strike 0-1: Fly out, F3 (Popup, 34S)
|
Bottom of the 8th over - 0 run(s), 1 hit(s), 0 error(s), 1 left on base; St Charles 9 - Maui 4 |
TOP OF THE 9TH |
St Charles Sheens batting - Pitching for Maui Tropics : LHP Robin Wilder
|
Pitching: RHP Junior Mateo
|
|
Batting: LHB Katsumi Morishita
|
0-0: Ball 1-0: Ball 2-0: Ball 3-0: Called Strike 3-1: Base on Balls
|
Batting: RHB Judson Backstrom
|
0-0: Ball 1-0: Called Strike 1-1: Foul Ball, location: 2F 1-2: Fly out, F9 (Flyball, 9M)
|
Batting: RHB Guo-xiu Choi
|
0-0: Called Strike 0-1: SINGLE (Groundball, 34) Katsumi Morishita to second Runner from 2nd tries for 3rd, OUT! Guo-xiu Choi to second
|
Batting: SHB Richard Bowman
|
0-0: Ball 1-0: Foul Ball, location: 2F 1-1: SINGLE (Groundball, 3L) Guo-xiu Choi to third Runner from 3rd tries for Home, SAFE, no throw or cutoff
|
Batting: SHB Kyle MacGregor
|
0-0: Foul Ball, location: 2F 0-1: Foul Ball, location: 2F 0-2: Strikes out swinging
|
Top of the 9th over - 1 run(s), 2 hit(s), 0 error(s), 1 left on base; St Charles 10 - Maui 4 |
BOTTOM OF THE 9TH |
Maui Tropics batting - Pitching for St Charles Sheens : LHP Shan Liu
|
Now at C: Xavier Feliciano
|
|
Batting: LHB Doyle Otterburn
|
0-0: Ball 1-0: Ball 2-0: Swinging Strike 2-1: Ball 3-1: Fly out, F8 (Flyball, 8RXD)
|
Batting: LHB Juan Jose Rojas
|
0-0: Called Strike 0-1: Ball 1-1: Ground out 4-3 (Groundball, 4S)
|
Batting: RHB Jesús Espinoza
|
0-0: Ground out 2-3 (Groundball, 2R)
|
Bottom of the 9th over - 0 run(s), 0 hit(s), 0 error(s), 0 left on base; St Charles 10 - Maui 4 |
|